 Dungeon Crawl Stone Soup version 0.19-a0-16-g2b77abf (webtiles) character file.

11185 aurelian the Grappler (level 11, -6/97 HPs)
             Began as a Ghoul Monk on Apr 29, 2016.
             Was a High Priest of Okawaru.
             Mangled by a spiny frog (7 damage)
             ... on level 2 of the Lair of Beasts.
             The game lasted 00:31:26 (8869 turns).

aurelian the Grappler (Ghoul Monk)                  Turns: 8869, Time: 00:31:27

Health: -6/97      AC: 14    Str: 16    XL:     11   Next: 73%
Magic:  12/12      EV: 15    Int:  8    God:    Okawaru [*****.]
Gold:   636        SH:  0    Dex: 14    Spells: 1 memorised, 8 levels left

rFire  + . .     SeeInvis +     a - +7 triple crossbow "Death Rattle" {venom, Int+3}
rCold  + . .     Gourm    .     t - +0 ring mail
rNeg   + + +     Faith    .     (shield currently unavailable)
rPois  ∞         Spirit   .     y - +2 helmet
rElec  .         Dismiss  .     F - +2 cloak {+Inv}
rCorr  .         Reflect  .     (no gloves)
SustAt .         Harm     .     e - +0 pair of boots
MR     .....                    (no amulet)
Stlth  ++........               c - ring of see invisible
                                p - ring of protection from fire

@: about to teleport, very slightly contaminated, rotting, hasted, very quick,
not resistant to hostile enchantments, unstealthy
A: rotting body, claws 1, carnivore 3, cold resistance 1, negative energy
resistance 3, slow regeneration 1, torment resistance, unbreathing
a: Heroism, Finesse, Renounce Religion, Evoke Invisibility


You were on level 2 of the Lair of Beasts.
You worshipped Okawaru.
Okawaru was extremely pleased with you.
You were not hungry.

You visited 3 branches of the dungeon, and saw 13 of its levels.

You collected 636 gold pieces.

Inventory:

Hand Weapons
 a - the +7 triple crossbow "Death Rattle" (weapon) {venom, Int+3}
   (Okawaru gifted it to you on level 2 of the Lair of Beasts)

   It poisons the ammo it fires.
   It affects your intelligence (+3).
Missiles
 g - 72 bolts (quivered)
Armour
 e - a +0 pair of boots (worn)
 t - a +0 ring mail (worn)
 y - a +2 helmet (worn)
 F - a +2 cloak of invisibility (worn)
Jewellery
 c - a ring of see invisible (right claw)
 k - an uncursed ring of wizardry
 p - a ring of protection from fire (left claw)
Wands
 i - a wand of digging (24/24)
 j - a wand of polymorph (7/24)
 C - a wand of flame (15/48)
 H - a wand of lightning (4/15)
 K - a wand of slowing (30/48)
 L - a wand of random effects (27/48)
 W - a wand of iceblast (9/15)
 Z - a wand of lightning (7/15)
Scrolls
 m - 8 scrolls of teleportation
 q - 2 scrolls of amnesia
 r - 3 scrolls of immolation
 v - a scroll of fog
 E - 5 scrolls of remove curse
 G - 5 scrolls of enchant armour
 J - a scroll of recharging
 M - 3 scrolls of magic mapping
 Q - a scroll of random uselessness {unknown}
 V - a scroll of identify
Potions
 f - 4 potions of flight
 h - 6 potions of curing
 w - 3 potions of magic
 x - 2 potions of cancellation
 B - 2 potions of might {unknown}
 D - a potion of lignification {unknown}
 N - 2 potions of resistance {unknown}
 S - a potion of agility {unknown}
 U - a potion of heal wounds {unknown}
 X - a potion of ambrosia {unknown}
Books
 d - a book of Death

   Spells                             Type                      Level
   a - Corpse Rot                     Necromancy                   2
   b - Sublimation of Blood           Necromancy                   2
   c - Agony                          Necromancy                   5
   d - Dispel Undead                  Necromancy                   5
   e - Excruciating Wounds            Charms/Necromancy            5
   f - Bolt of Draining               Conjuration/Necromancy       5
 n - a book of Spatial Translocations

   Spells                             Type                      Level
   a - Apportation                    Translocation                1
   b - Blink                          Translocation                2
   c - Shroud of Golubria             Charms/Translocation         2
   d - Portal Projectile              Translocation                3
   e - Teleport Other                 Translocation                3
   f - Passage of Golubria            Translocation                4
 o - a book of Envenomations

   Spells                             Type                      Level
   a - Spider Form                    Transmutation/Poison         3
   b - Olgreb's Toxic Radiance        Poison                       4
   c - Alistair's Intoxication        Transmutation/Poison         5
   d - Poisonous Cloud                Conjuration/Poison/Air       6
 I - a book of the Earth

   Spells                             Type                      Level
   a - Leda's Liquefaction            Hexes/Earth                  4
   b - Bolt of Magma                  Conjuration/Fire/Earth       5
   c - Statue Form                    Transmutation/Earth          6
   d - Iron Shot                      Conjuration/Earth            6
   e - Shatter                        Earth                        9
 T - a book of Annihilations

   Spells                             Type                      Level
   a - Poison Arrow                   Conjuration/Poison           6
   b - Chain Lightning                Conjuration/Air              8
   c - Lehudib's Crystal Spear        Conjuration/Earth            8
   d - Glaciate                       Conjuration/Ice              9
   e - Fire Storm                     Conjuration/Fire             9
 Y - a book of Flames

   Spells                             Type                      Level
   a - Flame Tongue                   Conjuration/Fire             1
   b - Throw Flame                    Conjuration/Fire             2
   c - Conjure Flame                  Conjuration/Fire             3
   d - Inner Flame                    Hexes/Fire                   3
   e - Sticky Flame                   Conjuration/Fire             4
   f - Fireball                       Conjuration/Fire             5
Comestibles
 b - 8 meat rations
 s - a royal jelly
 z - a slice of pizza
 A - 2 beef jerkies
 O - 6 chunks of flesh


   Skills:
 + Level 9.4 Fighting
 + Level 7.7 Armour
 + Level 8.3 Dodging
 - Level 2.1 Stealth
 + Level 12.4 Unarmed Combat
 - Level 3.1 Invocations


You had 8 spell levels left.
You knew the following spells:

 Your Spells              Type           Power        Failure   Level  Hunger
a - Blink                 Tloc           N/A          92%         2    ###....


Dungeon Overview and Level Annotations

Branches:
Dungeon (10/15)            Temple (1/1) D:6            Lair (2/8) D:10
    Orc (0/2) D:10

Altars:
Ashenzari
Cheibriados
Dithmenos
Elyvilon
Fedhas
Gozag
Kikubaaqudgha
Makhleb
Nemelex Xobeh
Okawaru
Pakellas
Qazlal
Ru
Sif Muna
Trog
Vehumet
Xom
Yredelemnul
Zin
The Shining One

Shops:
D:5 ?


Innate Abilities, Weirdness & Mutations

Your body is rotting away.
You thrive on raw meat.
You are immune to poison.
You have sharp fingernails.
You are carnivorous and can eat meat at any time.
Your flesh is cold resistant.
You are immune to negative energy.
You regenerate slowly when monsters are visible.
You are immune to unholy pain and torment.
You can survive without breathing.


Message History

The spiny frog croaks.
Firing (i - inventory):
g - 73 bolts (quivered)
Press: ? - help, Shift-Dir - straight line, f - six-headed hydra
Aim: a six-headed hydra (almost dead, poisoned)
Okay, then.
Drink which item? (? for menu, Esc to quit)
Okay, then.
Read which item? (? for menu, Esc to quit)
As you read the scroll of teleportation, it crumbles to dust.
You feel strangely unstable.
Firing (i - inventory):
g - 73 bolts (quivered)
Press: ? - help, Shift-Dir - straight line, f - six-headed hydra
Aim: a six-headed hydra (almost dead, poisoned)
You shoot a bolt. The bolt hits the six-headed hydra!!!
You kill the six-headed hydra!
Okawaru is honoured by your kill. The giant frog hits you.
* * * LOW HITPOINT WARNING * * *
The spiny frog stings you!
You die...

.#####..#####....# #.....##
..# #### #.....# #.....# .##
#.....# #....## .# ##....###
#....# .# ##....#.###....#
.## ### #..............##
..### ##.####..............#
..#.###.#.##....F.........##
.........§(.....@F........###
...........................P#
.....................###...##
..........#.##P#....#.###...#
.........#######....### #[###
..........# ##...# #.#
.........## ##...## #.#
......(..# #.....# #>###
.........# ##...## #...#


You could see a spiny frog and a giant frog.

Vanquished Creatures
  A hydra (Lair:2)
  The ghost of miek the Frost Mage, a novice DsIE of Makhleb (D:9)
  A hill giant (D:9)
  An elephant (Lair:2)
  4 black mambas
  3 spiny frogs
  2 komodo dragons (Lair:2)
  A troll (D:9)
  Grinder (D:3)
  3 blink frogs (Lair:1)
  A yak (Lair:1)
  A basilisk (Lair:2)
  A wyvern (D:9)
  A steam dragon (D:8)
  A hungry ghost (D:7)
  4 water moccasins
  2 porcupines
  An eye of draining (D:10)
  2 orc warriors (D:9)
  3 ice beasts
  A phantom (D:5)
  2 sky beasts
  An ogre (D:7)
  A centaur (D:5)
  3 crocodiles (Lair:2)
  11 giant frogs
  3 scorpions
  A water moccasin skeleton (D:8)
  3 wights (D:9)
  6 killer bees (D:7)
  A howler monkey (D:4)
  2 crimson imps
  3 jellies
  A quasit (D:9)
  6 orc priests
  3 hounds
  A centaur skeleton (D:6)
  2 giant frog skeletons (D:6)
  9 orc wizards
  Crazy Yiuf (D:3)
  Jessica (D:3)
  6 iguanas
  9 worker ants
  A sheep (D:10)
  Robin (D:3)
  6 gnolls
  10 adders
  A river rat (D:6)
  2 shadow imps
  An adder zombie (D:10)
  An adder skeleton (D:6)
  2 worms (D:6)
  2 dart slugs
  5 giant geckos
  23 orcs
  6 bats
  4 giant cockroaches
  21 goblins
  11 hobgoblins
  14 jackals
  3 quokkas
  7 giant newts
  8 kobolds
  A quokka skeleton (D:9)
  12 rats
254 creatures vanquished.

Vanquished Creatures (others)
  4 fungi
4 creatures vanquished.

Grand Total: 258 creatures vanquished

Notes
Turn   | Place    | Note
--------------------------------------------------------------
     0 | D:1      | aurelian the Ghoul Monk began the quest for the Orb.
     0 | D:1      | Reached XP level 1. HP: 19/19 MP: 0/0
   150 | D:1      | Reached XP level 2. HP: 17/26 MP: 1/1
   247 | D:1      | Reached skill level 5 in Unarmed Combat
   710 | D:1      | Reached XP level 3. HP: 29/31 MP: 2/2
  1257 | D:2      | Found a faded altar to an unknown god.
  1280 | D:2      | Reached skill level 6 in Unarmed Combat
  1280 | D:2      | Reached XP level 4. HP: 34/38 MP: 3/3
  1892 | D:3      | Noticed Robin
  1902 | D:3      | Killed Robin
  1902 | D:3      | Reached XP level 5. HP: 42/45 MP: 4/4
  2185 | D:3      | Noticed Jessica
  2185 | D:3      | Noticed Grinder
  2192 | D:3      | Killed Jessica
  2192 | D:3      | Reached skill level 7 in Unarmed Combat
  2197 | D:3      | Paralysed by Grinder for 6 turns
  2212 | D:3      | Paralysed by Grinder for 7 turns
  2231 | D:3      | Killed Grinder
  2231 | D:3      | Reached skill level 8 in Unarmed Combat
  2231 | D:3      | Reached XP level 6. HP: 24/51 MP: 5/5
  2418 | D:3      | Noticed Crazy Yiuf
  2428 | D:3      | Paralysed by Crazy Yiuf for 2 turns
  2434 | D:3      | Killed Crazy Yiuf
  2986 | D:4      | Reached XP level 7. HP: 54/57 MP: 6/6
  3000 | D:4      | Reached skill level 9 in Unarmed Combat
  3113 | D:5      | Entered Level 5 of the Dungeon
  3334 | D:4      | Found Ofurag's Book Emporium.
  3557 | D:5      | Found Yrchoix's Magic Scroll Shoppe.
  3625 | D:5      | Reached skill level 10 in Unarmed Combat
  3806 | D:5      | Reached XP level 8. HP: 64/64 MP: 7/7
  3816 | D:5      | Found a burning altar of Makhleb.
  3851 | D:5      | Reached skill level 1 in Armour
  4208 | D:6      | Found a staircase to the Ecumenical Temple.
  4226 | Temple   | Entered the Ecumenical Temple
  4529 | Temple   | Became a worshipper of Warmaster Okawaru
  4529 | Temple   | Reached * piety under Okawaru
  4529 | Temple   | Reached ** piety under Okawaru
  4663 | D:6      | Found a sparkling altar of Nemelex Xobeh.
  4671 | D:6      | Found a glowing silver altar of Zin.
  4686 | D:6      | Found a deep blue altar of Sif Muna.
  4691 | D:6      | Found a stormy altar of Qazlal.
  4704 | D:6      | Found an ancient bone altar of Kikubaaqudgha.
  4711 | D:6      | Found a shimmering altar of Xom.
  4716 | D:6      | Found a sacrificial altar of Ru.
  4737 | D:6      | Found a glowing silver altar of Zin.
  4765 | D:6      | Reached skill level 5 in Fighting
  4996 | D:6      | Reached XP level 9. HP: 74/74 MP: 8/8
  5370 | D:7      | Reached skill level 5 in Dodging
  5596 | D:7      | Reached *** piety under Okawaru
  5949 | D:8      | Reached skill level 5 in Armour
  6431 | D:8      | Reached **** piety under Okawaru
  6614 | D:9      | Noticed miek's ghost (novice DsIE)
  6632 | D:9      | Killed miek's ghost
  6632 | D:9      | Reached skill level 11 in Unarmed Combat
  6632 | D:9      | Reached XP level 10. HP: 61/85 MP: 7/9
  6690 | D:9      | Received a gift from Okawaru
  6798 | D:9      | Learned a level 2 spell: Blink
  7273 | D:9      | Noticed a hill giant
  7280 | D:9      | Killed a hill giant
  7280 | D:9      | Reached ***** piety under Okawaru
  7476 | D:10     | Entered Level 10 of the Dungeon
  7489 | D:10     | Found a staircase to the Orcish Mines.
  7618 | D:10     | Found a staircase to the Lair.
  7628 | D:10     | Noticed a death yak
  7628 | D:10     | Noticed a death yak
  7776 | D:10     | Reached skill level 1 in Invocations
  7794 | Lair:1   | Entered Level 1 of the Lair of Beasts
  7894 | Lair:1   | Noticed a spiny frog
  7901 | Lair:1   | Killed a spiny frog
  7958 | Lair:1   | Reached XP level 11. HP: 95/95 MP: 11/11
  8103 | Lair:1   | Received a gift from Okawaru
  8159 | Lair:1   | You fall through a shaft!
  8256 | Lair:2   | Reached skill level 12 in Unarmed Combat
  8554 | Lair:2   | Noticed a six-headed hydra
  8723 | Lair:2   | Received a gift from Okawaru
  8740 | Lair:2   | Got a smoking triple crossbow {god gift}
  8741 | Lair:2   | Identified the +7 triple crossbow "Death Rattle" {venom, Int+3} (Okawaru gifted it to you on level 2 of the Lair of Beasts)
  8869 | Lair:2   | Killed a six-headed hydra
  8869 | Lair:2   | HP: 1/97 [giant frog (5)]
  8869 | Lair:2   | Mangled by a spiny frog

Vault maps used:
D:1:      dpeg_arrival_tiny_h
D:2:      ecumenical_altar_2
D:3:      first_bread, grunt_decor_arrowhead, uniq_crazy_yiuf_cottage,
          uniq_robin, uniq_jessica, uniq_grinder
D:4:      serial_shops, shop, minivault_11
D:5:      bloody_makhleb, serial_shops,
          nicolae_shop_temple_entry_statues_fountains
D:6:      grunt_temple_overflow_octagram, minmay_temple_entry_hall,
          gup_sewer_entry_bubbles, basic_altar, minmay_hedge_maze
D:8:      minmay_misc_feat_five
D:9:      hangedman_decor_clover_reticule
D:10:     dpeg_lair_monsters
Temple:   triangle_lava_temple_12
Lair:1:   lemuel_fruit_tree
Lair:2:   grunt_megastairs_2

Skill      XL: |  1  2  3  4  5  6  7  8  9 10 11 |
---------------+----------------------------------+-----
Unarmed Combat | 5 6 8 10 11 12 | 12.4
Dodging        | 3 4 6 7 8 |  8.3
Armour         | 3 5 6 7 |  7.7
Fighting       | 5 7 8 9 |  9.4
Invocations    | 2 3 |  3.1
Stealth        | |  2.1

Action                   |  1- 3 |  4- 6 |  7- 9 | 10-12 || total
-------------------------+-------+-------+-------+-------++-------
Melee: Unarmed           |   102 |   103 |   388 |   226 ||   819
       Punch             |     2 |     1 |    13 |     8 ||    24
 Fire: Hunting sling     |     5 |    73 |   117 |    75 ||   270
       Triple crossbow   |       |       |       |     7 ||     7
Invok: Heroism           |       |       |     3 |    10 ||    13
  Use: Scroll            |       |       |    18 |     7 ||    25
       Potion            |       |       |       |     1 ||     1
 Stab: Sleeping          |     1 |       |     2 |     1 ||     4
  Eat: Chunk             |     7 |    11 |    22 |    41 ||    81
Armor: Robe              |    16 |       |       |       ||    16
       Ring mail         |     7 |    49 |   189 |    51 ||   296
Dodge: Dodged            |    49 |    50 |   218 |    96 ||   413
